Map: Космический сапфир

Players

Botvenik

  • Race: Protoss Protoss
  • Spawn Location: 5:00

Bazoozoo - Winner!

  • Race: Terran Terran
  • League: Silver
  • Spawn Location: 11:00

VOD

Have the link to the VOD?

Description

Time

  • Played on: Nov. 26, 2022, 1:35 p.m.
  • Length: 11:52
Show
View Real Time Build Order
Export as new Build Order

Botvenik Protoss 

Build Orders:  

Get SALT Encoding   

  12  0:01  Probe (Chrono Boost)  
  13  0:13  Pylon  
  13  0:15  Probe (Chrono Boost)  
  14  0:31  Gateway  
  14  0:34  Probe  
  15  0:46  Probe  
  16  1:00  Assimilator  
  16  1:02  Probe (Chrono Boost)  
  17  1:08  Assimilator  
  18  1:12  Pylon  
  18  1:13  Probe (Chrono Boost)  
  18  1:17  Probe (Chrono Boost)  
  18  1:21  Cybernetics Core  
  19  1:26  Zealot  
  19  1:28  Probe  
  22  1:40  Probe  
  23  1:52  Probe  
  23  1:53  Zealot  
  26  1:58  Warp Gate  
  26  2:04  Probe (Chrono Boost)  
  27  2:18  Robotics Facility  
  27  2:20  Pylon  
  27  2:25  Gateway  
  27  2:28  Pylon  
  27  2:39  Stargate  
  27  2:56  Nexus  
  27  2:59  Probe  
  28  3:06  Observer  
  25  3:27  Immortal  
  25  3:32  Probe (Chrono Boost)  
  31  3:42  Probe (Chrono Boost)  
  31  3:47  Probe (Chrono Boost)  
  32  4:01  Pylon  
  32  4:04  Fleet Beacon  
  32  4:08  Pylon  
  32  4:11  Probe (Chrono Boost)  
  32  4:14  Zealot  
  35  4:20  Stalker  
  35  4:21  Probe (Chrono Boost)  
  38  4:26  Probe (Chrono Boost)  
  39  4:38  Probe  
  40  4:39  Assimilator  
  40  4:42  Assimilator  
  40  4:50  Probe  
  41  4:57  Immortal (Chrono Boost)  
  45  5:02  Probe (Chrono Boost)  
  45  5:06  Tempest  
  52  5:14  Probe (Chrono Boost)  
  52  5:22  Probe (Chrono Boost)  
  52  5:26  Probe (Chrono Boost)  
  54  5:34  Probe (Chrono Boost)  
  56  5:36  Probe (Chrono Boost)  
  56  5:37  Stalker x2  
  56  5:39  Observer  
  56  5:41  Probe x2 (Chrono Boost)  
  62  5:52  Probe, Tempest  
  62  5:53  Probe  
  69  6:04  Probe  
  69  6:05  Pylon  
  69  6:11  Zealot x2  
  72  6:17  Probe (Chrono Boost)  
  75  6:29  Probe (Chrono Boost)  
  76  6:34  Tempest  
  76  6:35  Probe (Chrono Boost)  
  76  6:39  Stargate  
  82  6:43  Probe, Stargate  
  83  6:53  Pylon  
  83  6:57  Gateway  
  83  6:58  Gateway  
  83  7:02  Gateway  
  83  7:04  Gateway  
  83  7:06  Pylon  
  83  7:07  Observer  
  84  7:13  Pylon  
  84  7:14  Probe, Pylon  
  85  7:16  Pylon  
  85  7:25  Zealot x2  
  85  7:26  Probe  
  85  7:29  Immortal  
  94  7:33  Pylon  
  94  7:39  Probe  
  95  7:52  Zealot  
  95  7:53  Zealot  
  99  7:59  Zealot x3  
  99  8:00  Zealot  
  107  8:15  Nexus  
  107  8:24  Pylon  
  107  8:29  Zealot x4  
  107  8:30  Zealot x2  
  119  8:49  Tempest x3  
  134  9:11  Twilight Council  
  134  9:32  Forge  
  134  9:37  Forge  
  134  9:39  Probe (Chrono Boost)  
  134  9:40  Protoss Air Weapons Level 1  
  134  9:41  Zealot x3  
  134  9:42  Zealot x2  
  145  9:48  Probe (Chrono Boost)  
  145  9:51  Charge (Chrono Boost), Assimilator  
  146  9:53  Probe (Chrono Boost)  
  146  9:56  Assimilator  
  147  10:05  Probe  
  148  10:08  Pylon  
  148  10:09  Pylon  
  148  10:11  Pylon  
  148  10:17  Probe  
  149  10:30  Zealot  
  149  10:31  Zealot x3  
  149  10:32  Zealot x2  
  161  10:37  Pylon  
  161  10:39  Probe (Chrono Boost)  
  162  10:48  Probe (Chrono Boost)  
  163  10:53  Probe (Chrono Boost)  
  138  10:58  Pylon  
  138  11:01  Unknown, Pylon  
  121  11:05  Probe  
  121  11:09  Zealot x4  
  121  11:10  Zealot x2  
  118  11:17  Probe  
  76  11:30  Zealot x2  
  76  11:31  Zealot x3  
  76  11:32  Zealot  
Show
View Real Time Build Order
Export as new Build Order

Bazoozoo Terran - Winner!

Build Orders:  

Get SALT Encoding   

  12  0:00  SCV  
  13  0:12  SCV  
  14  0:22  Supply Depot  
  14  0:24  SCV  
  15  0:43  SCV  
  15  0:44  Barracks  
  16  0:55  SCV  
  17  1:01  Barracks  
  17  1:07  SCV  
  18  1:20  SCV  
  19  1:32  Command Center  
  19  1:37  Marine  
  20  1:41  SCV  
  21  1:55  Marine  
  21  1:57  Marine  
  21  1:58  Orbital Command  
  23  2:20  Bunker  
  23  2:30  Marine  
  23  2:43  SCV, Marine  
  25  2:45  Orbital Command  
  25  2:48  Marine  
  26  2:55  SCV  
  27  3:00  Command Center  
  27  3:01  Marine  
  28  3:06  Marine  
  28  3:08  Refinery  
  28  3:10  Refinery  
  29  3:18  Marine  
  30  3:23  SCV x2  
  32  3:29  Command Center  
  32  3:38  Marine x2  
  32  3:41  SCV x2  
  36  3:55  SCV x2  
  38  3:59  Barracks x2  
  38  4:03  Barracks Tech Lab  
  38  4:11  Barracks Tech Lab  
  38  4:12  SCV x2  
  38  4:13  Orbital Command  
  43  4:24  SCV, Marauder  
  43  4:27  Stimpack  
  43  4:32  Marine  
  45  4:46  Refinery  
  45  4:47  Refinery  
  45  4:50  Marine  
  45  4:51  Marauder  
  49  4:54  Barracks Reactor  
  49  4:57  SCV x2  
  49  4:58  SCV  
  49  4:59  Orbital Command  
  50  5:00  Barracks Reactor  
  50  5:02  Engineering Bay  
  50  5:08  Marauder  
  50  5:09  SCV  
  50  5:12  Marauder  
  55  5:15  SCV  
  56  5:30  Marauder  
  56  5:31  Terran Infantry Weapons Level 1  
  56  5:32  Orbital Command  
  56  5:34  Marauder  
  60  5:38  Missile Turret  
  60  5:42  Missile Turret  
  60  5:48  SCV x3  
  63  5:53  Marine  
  63  5:54  Marine x2  
  63  5:55  Marauder  
  68  5:57  Factory  
  68  6:01  Supply Depot  
  68  6:08  Missile Turret  
  68  6:22  Marine x2  
  68  6:23  SCV x3, Command Center, Marine x3  
  76  6:37  Engineering Bay  
  76  6:41  Combat Shield  
  76  6:43  Concussive Shells  
  76  6:54  Supply Depot  
  76  6:55  Supply Depot, Factory Reactor  
  76  6:56  Supply Depot  
  76  7:00  Starport  
  76  7:02  Starport  
  76  7:05  Starport  
  76  7:16  SCV, Marauder x2, Marine x3  
  76  7:17  Marine  
  85  7:27  Terran Infantry Armor Level 1  
  85  7:33  Marine x3  
  88  7:38  Marauder x2  
  88  7:43  Orbital Command  
  92  7:47  Marine  
  92  7:48  Missile Turret  
  92  7:49  Starport Reactor x3  
  92  7:50  Missile Turret  
  93  7:56  Fusion Core  
  93  7:58  Marine x3  
  94  7:59  Marauder x2  
  94  8:00  Widow Mine x2  
  94  8:02  Supply Depot x2  
  104  8:05  Marine  
  105  8:17  SCV x3  
  108  8:20  Marauder x2  
  108  8:23  Armory  
  108  8:26  Armory  
  112  8:29  Refinery  
  112  8:30  Refinery  
  111  8:42  Marauder  
  113  8:48  Medivac x2  
  117  9:03  Medivac  
  117  9:04  Medivac  
  117  9:05  SCV x3  
  124  9:15  Widow Mine x2  
  124  9:17  Orbital Command, Supply Depot x2  
  128  9:18  Supply Depot  
  128  9:21  Ghost Academy  
  128  9:24  Engineering Bay  
  128  9:25  Medivac  
  128  9:26  Engineering Bay  
  128  9:27  SCV  
  131  9:32  Supply Depot  
  131  9:33  Supply Depot  
  131  9:34  Supply Depot x2  
  131  9:38  SCV x3  
  131  9:39  SCV, Widow Mine  
  137  9:49  Supply Depot  
  137  9:50  Supply Depot  
  137  9:51  Supply Depot  
  137  9:54  Starport Tech Lab  
  137  9:55  Weapon Refit  
  137  9:57  Starport Tech Lab  
  137  10:13  Personal Cloaking  
  137  10:14  Ghost  
  137  10:15  Ghost  
  141  10:41  Command Center  
  141  10:42  Refinery  
  141  10:43  Refinery  
  122  11:06  Ghost x2  
  122  11:17  Marine x4  
Tags
 
Add a new tag
Caveats
  • Supply blocks, unpowered buildings, or Contaminate may cause inaccurate times.
  • Supply counts are checked every 10 seconds.